 Dungeon Crawl Stone Soup version 0.17-a0-968-gf8e1f1d (webtiles) character file.

50967 RobertPalmer the Severer (level 14, -1/109 HPs)
             Began as a Deep Dwarf Fighter on May 9, 2015.
             Was the Champion of Makhleb.
             Slain by a chaos spawn (3 damage)
             ... summoned by an orc high priest
             ... on level 4 of the Orcish Mines.
             The game lasted 00:55:32 (16518 turns).

RobertPalmer the Severer (Deep Dwarf Fighter)      Turns: 16518, Time: 00:55:32

Health: -1/109     AC:  8    Str: 20    XL:     14   Next: 21%
Magic:  13/13      EV: 15    Int: 10    God:    Makhleb [******]
Gold:   1685       SH:  0    Dex: 16    Spells: 0 memorised, 13 levels left

rFire  + . .     SeeInvis +     a - +6 executioner's axe (freeze)
rCold  + . .     Clarity  .     I - +2 chain mail {rF+}
rNeg   + . .     SustAb   .     (no shield)
rPois  .         Gourm    .     j - +1 helmet
rElec  .         Spirit   .     (no cloak)
rCorr  .         Warding  .     (no gloves)
rMut   .         Stasis   .     J - +0 pair of boots
MR     ++...                    (no amulet)
Stlth  ..........               K - ring of see invisible {sInv, !d}
                                g - ring of protection from cold {rC+, !d}

@: lethally poisoned (-1 -> -1), corroded equipment, non-regenerating, very
resistant to hostile enchantments, extremely unstealthy
A: damage resistance, recharge devices, deformed body, negative energy
resistance 1, sense surroundings 2, slow healing 3
a: Device Recharging, Minor Destruction, Lesser Servant of Makhleb, Major
Destruction, Greater Servant of Makhleb, Renounce Religion


You were on level 4 of the Orcish Mines.
You worshipped Makhleb.
Makhleb was exalted by your worship.
You were hungry.

You visited 3 branches of the dungeon, and saw 20 of its levels.
You also visited: Bailey and Volcano.

You collected 2178 gold pieces.
You spent 493 gold pieces at shops.

Inventory:

Hand weapons
 a - a +6 executioner's axe of freezing (weapon)
   (You found it on level 11 of the Dungeon)
 b - a +0 blowgun
   (You took it off a kobold on level 5 of the Dungeon)
 z - a +3 battleaxe of flaming
   (You found it in a volcano)
Missiles
 q - 7 curare-tipped needles
 M - a throwing net {=f, !d}
Armour
 j - a +1 helmet (worn)
   (You found it on level 1 of the Dungeon)
 I - a +2 chain mail of fire resistance (worn)
   (You found it in a volcano)
 J - a +0 pair of boots (worn)
   (You found it on level 8 of the Dungeon)
Jewellery
 g - a ring of protection from cold (left hand) {rC+, !d}
   (You found it on level 1 of the Dungeon)
 t - an uncursed ring of sustain abilities {SustAb}
   (You found it on level 11 of the Dungeon)
 F - an uncursed ring of poison resistance {rPois, !d}
   (You found it on level 12 of the Dungeon)
 K - a ring of see invisible (right hand) {sInv, !d}
   (You found it on level 5 of the Dungeon)
 O - an uncursed ring of positive energy {rN+}
   (You found it on level 8 of the Dungeon)
 Y - a cursed ring of teleportation {+/*tele, !d}
   (You found it on level 10 of the Dungeon)
Magical devices
 d - a wand of paralysis (17)
   (You found it on level 3 of the Dungeon)
 e - a wand of heal wounds (0)
 y - a wand of confusion (22)
   (You found it on level 12 of the Dungeon)
Scrolls
 u - 3 scrolls of magic mapping {!r}
 v - 3 scrolls of recharging
 x - 4 scrolls of fog
 D - 4 scrolls of enchant armour
 H - 6 scrolls of teleportation
 P - a scroll of remove curse
Potions
 h - 4 potions of flight
 i - 2 potions of heal wounds {unknown}
 k - 2 potions of cancellation
 l - a potion of beneficial mutation {unknown}
 o - 3 potions of brilliance
 p - a potion of cure mutation {unknown}
 r - a potion of agility {unknown}
 s - 4 potions of curing
 w - 2 potions of resistance
 C - 3 potions of lignification {!q}
 R - 3 potions of berserk rage {!q}
 W - a potion of invisibility {unknown}
 X - a potion of might
Books
 n - a book of Geomancy
   (You found it on level 12 of the Dungeon)
 Q - a book of Control
   (You found it on level 8 of the Dungeon)
Miscellaneous
 c - a fan of gales
   (You found it in a bailey)
 G - a disc of storms
   (You found it on level 11 of the Dungeon)
Comestibles
 f - 16 bread rations {@e1}
 m - 5 meat rations {@e2}
 A - 13 fruits
 B - 12 beef jerkies
 L - 2 royal jellies


   Skills:
 - Level 2.6 Fighting
 - Level 17.6 Axes
 + Level 9.5 Armour
 - Level 13.5 Dodging
   Level 3.2 Shields
 + Level 11.4 Invocations
 - Level 8.1 Evocations


You had 13 spell levels left.
You didn't know any spells.

Dungeon Overview and Level Annotations

Branches:
Dungeon (15/15)            Temple (1/1) D:6            Lair (0/8) D:11
    Orc (4/4) D:9             Elf (0/3) Orc:3        Vaults (0/5) D:13
 Depths (0/5) D:15

Altars:
Ashenzari
Cheibriados
Dithmenos
Makhleb
Nemelex Xobeh
Qazlal
Sif Muna
Trog
Vehumet
Xom
Yredelemnul
Zin
The Shining One
Beogh

Shops:
D:11 *   Orc:1 }


Innate Abilities, Weirdness & Mutations

You are resistant to damage.
You can recharge devices by infusing magical energy.
You resist negative energy.
You passively map the area around you.
You do not heal naturally.
Armour fits poorly on your strangely shaped body.


Message History

Charge which item? (? for menu, Esc to quit)
Your wand of heal wounds (0) glows for a moment and now has 4 charges.
All of the chunks of flesh in your inventory have rotted away.
You now have 13/13 mp.
You feel much better.
This wand has 3 charges left.
You regained 25 hp, and now have 30/109 hp.
You feel much better.
This wand has 2 charges left.
You regained 19 hp, and now have 49/109 hp.
The orc high priest utters an invocation to Beogh.
The chaos spawn caws.
The orc high priest misses you.
The orc high priest utters an invocation to Beogh.
You hit the orc high priest. You freeze the orc high priest.
You hit the sun demon but do no damage.
The orc high priest utters an invocation to Beogh.
The orc high priest is healed somewhat.
The sun demon misses you.
You hit the orc high priest. You freeze the orc high priest.
You slash the sun demon! You freeze the sun demon.
The sun demon hits you but does no damage.
The orc high priest hits you but does no damage.
You are electrocuted!
You take 10 damage, and have 39/109 hp.
Your chain mail prevents you from hitting the orc high priest.
You hit the sun demon but do no damage. The sun demon misses you.
The orc high priest calls down the wrath of Beogh upon you.
Something smites you!
* * * LOW HITPOINT WARNING * * *
The sun demon hits you!
* * * LOW HITPOINT WARNING * * *
You are engulfed in flames!
You resist.
* * * LOW HITPOINT WARNING * * *
You take 30 damage, and have 9/109 hp.
MASSIVE DAMAGE!!
You feel much better.
This wand has 1 charge left.
The orc high priest hits you with a long sword of electrocution.
The rust devil misses you. The sun demon hits you!
You are engulfed in flames.
You resist.
* * * LOW HITPOINT WARNING * * *
You regained 21 hp, and now have 30/109 hp.
You feel much better.
This wand has 0 charges left.
The sun demon hits you but does no damage.
The rust devil barely misses you.
The orc high priest hits you with a long sword of electrocution.
Your magical contamination has completely faded away.
You regained 20 hp, and now have 50/109 hp.
You slash the orc high priest! You freeze the orc high priest.
You hit the rust devil but do no damage.
You hit the sun demon. You freeze the sun demon. The sun demon misses you.
The orc high priest hits you but does no damage.
You slash the orc high priest! You freeze the orc high priest.
You kill the orc high priest!
Makhleb accepts your kill.
You feel a little better.
You slice the rust devil!! You slash the chaos spawn!
You freeze the chaos spawn. You closely miss the sun demon.
The sun demon hits you!
You are engulfed in flames.
You resist. The rust devil misses you. The chaos spawn barely misses you.
The sun demon hits you.
You are engulfed in flames.
You resist. The orc high priest barely misses you.
You take 6 damage, and have 44/109 hp.
You hit the orc high priest. You freeze the orc high priest.
You slash the rust devil! You freeze the rust devil.
You closely miss the chaos spawn. You slash the sun demon!
You freeze the sun demon. The rust devil hits you!
The rust devil corrodes your equipment! The chaos spawn barely misses you.
The sun demon hits you but does no damage.
The orc high priest barely misses you.
You take 4 damage, and have 40/109 hp.
You hit the orc high priest but do no damage.
You slash the rust devil! You freeze the rust devil.
You kill the rust devil!
You hit the chaos spawn. You freeze the chaos spawn.
Your chain mail prevents you from hitting the sun demon.
The sun demon closely misses you. The chaos spawn gores you.
You are poisoned.
The chaos spawn poisons you!
You feel a bit more experienced.
You take 4 damage, and have 36/109 hp.
You slice the orc high priest!! You freeze the orc high priest!
You barely miss the chaos spawn. You hit the sun demon.
You freeze the sun demon. The sun demon closely misses you.
The orc high priest calls down the wrath of Beogh upon you.
You resist with almost no effort. The chaos spawn closely misses you.
The sun demon hits you!!
* * * LOW HITPOINT WARNING * * *
You are engulfed in flames!
You resist.
* * * LOW HITPOINT WARNING * * *
The orc high priest misses you. The chaos spawn closely misses you.
You take 28 damage, and have 8/109 hp.
MASSIVE DAMAGE!!
This wand has no charges.
Read which item? (? for menu, Esc to quit)
As you read the scroll of fear, it crumbles to dust.
You assume a fearsome visage.
The orc knight looks frightened!
The sun demon is unaffected.
The chaos spawn is unaffected.
The orc high priest looks frightened!
The sun demon closely misses you. The chaos spawn hits you!
* * * LOW HITPOINT WARNING * * *
The chaos spawn freezes you! You resist.
You die...

### #####... ##.## ##.#.#... ##**
#...# ##.......# #..*
##.####......... **##.$#*
##...##....#.....
*.#....#*##o#...##.........
**.....#.##.......#.........
##.........33o...............
###...........@#.##......4.....
#..............######.#####....
###..............#*# ###∩∩*##...
##.......##..#....#.# **,,,,*#...
#........#####......# *∩,,,,∩#..)
.........##.#....#.##**,,,,,,##..
..........#.......## *,,,,,,,,#.#
.........../.......# *....,,,,###
*#.#...........##.## *....§,,,**#


You could see an orc knight (fleeing), an orc high priest (fleeing), a sun demon
and a chaos spawn.

Vanquished Creatures
  An entropy weaver (shapeshifter) (D:15)
  2 hydras (D:15)
  3 centaur warriors
  Urug (D:15)
  An orc high priest (Orc:4)
  A deep elf knight (D:13)
  3 unseen horrors
  3 hill giants
  3 orc knights
  3 orc sorcerers (Orc:4)
  A wolf spider (D:15)
  7 manticores
  4 cyclopes
  6 ugly things
  The ghost of laxity the Magician, an experienced DEFE (D:6)
  A griffon (D:14)
  5 gargoyles
  5 centaur skeletons
  A rust devil (Orc:4)
  4 yaktaurs (D:13)
  2 kobold demonologists
  A red devil (Orc:4)
  A blue devil (Orc:4)
  3 fire drakes (D:15)
  3 trolls
  A deep elf priest (D:13)
  Grinder (D:6)
  A two-headed ogre (D:15)
  A harpy skeleton (D:13)
  13 slime creatures
  2 fire vortices (Volcano)
  12 yaks
  Sigmund (D:3)
  4 wyverns
  4 deep elf magi
  3 basilisks
  A wraith (D:15)
  8 vampire mosquitoes
  3 hippogriffs (D:15)
  7 hungry ghosts
  Grum (D:10)
  A deep elf fighter (D:13)
  A neqoxec (Orc:4)
  3 wolves (D:10)
  5 wargs
  Edmund (D:6)
  2 mottled dragons
  35 orc warriors
  A necrophage (D:11)
  3 phantoms
  5 ice beasts
  2 black bears
  An eye of draining (shapeshifter) (D:13)
  3 sky beasts
  17 centaurs
  14 ogres
  A boggart (D:13)
  Blork the orc (D:4)
  12 giant frogs
  An earth elemental (Volcano)
  A gnoll sergeant (D:6)
  8 big kobolds
  A wyvern skeleton (D:13)
  6 killer bees (D:14)
  2 scorpions
  An electric eel (D:7)
  10 wights
  3 giant frog zombies
  9 crimson imps
  2 quasits
  3 jellies
  2 giant frog skeletons
  6 hounds
  25 orc priests
  Ijyb (D:3)
  Jessica (D:3)
  Terence (D:3)
  Natasha (thrice) (D:3)
  6 iguanas
  28 orc wizards
  10 worker ants
  Robin (D:3)
  A worker ant zombie (D:6)
  18 adders
  5 gnolls
  5 shadow imps
  2 adder zombies (D:6)
  3 worms
  7 giant geckos
  156 orcs
  13 bats
  A bat skeleton (D:6)
  4 giant cockroaches
  39 goblins
  24 hobgoblins
  11 jackals
  49 kobolds
  A quokka (D:2)
  A ball python (D:2)
  A giant newt (D:7)
  2 giant spores
  A goblin skeleton (D:7)
  2 goblin zombies (D:7)
  3 hobgoblin zombies (D:7)
  A kobold zombie (D:7)
  A quokka zombie (D:8)
  10 rats
  10 ballistomycetes
739 creatures vanquished.

Vanquished Creatures (collateral kills)
  A stone giant (Orc:3)
  A hydra (D:15)
  An orc high priest (Orc:3)
  2 hill giants
  2 ugly things (D:11)
  A wasp (D:11)
  5 orcs
13 creatures vanquished.

Vanquished Creatures (others)
  A blizzard demon (D:15)
  An unseen horror (D:15)
  2 smoke demons
  A yak (D:11)
  A wyvern (D:11)
  A wolf (D:10)
  An ogre (D:7)
  An ice beast (D:11)
  2 orc priests (D:11)
  3 orc wizards
  An adder (D:11)
  3 ufetubi (Orc:3)
  2 orcs (D:11)
  2 giant spores
  A kobold (D:3)
23 creatures vanquished.

Grand Total: 775 creatures vanquished

Notes
Turn   | Place    | Note
--------------------------------------------------------------
     0 | D:1      | RobertPalmer, the Deep Dwarf Fighter, began the quest for the Orb.
     0 | D:1      | Reached XP level 1. HP: 20/20 MP: 1/1
   364 | D:1      | Reached skill level 3 in Axes
   364 | D:1      | Reached XP level 2. HP: 21/27 MP: 2/2
   834 | D:2      | Reached XP level 3. HP: 18/33 MP: 3/3
   854 | D:2      | Reached skill level 4 in Axes
  1232 | D:2      | Found a stormy altar of Qazlal.
  1370 | D:3      | Noticed Ijyb
  1417 | D:3      | Found a basalt altar of Yredelemnul.
  1419 | D:3      | Reached XP level 4. HP: 30/40 MP: 4/4
  1468 | D:3      | Noticed Natasha
  1479 | D:3      | Killed Natasha
  1479 | D:3      | Reached skill level 5 in Axes
  1650 | D:3      | Noticed Robin
  1655 | D:3      | Noticed Sigmund
  1664 | D:3      | Killed Robin
  1709 | D:3      | Killed Sigmund
  1709 | D:3      | Reached skill level 7 in Axes
  1709 | D:3      | Reached XP level 5. HP: 32/46 MP: 5/5
  1709 | D:3      | Reached XP level 6. HP: 38/55 MP: 6/6
  1777 | D:3      | Noticed Terence
  1789 | D:3      | Killed Terence
  1866 | D:3      | Noticed Jessica
  1873 | D:3      | Killed Jessica
  1879 | D:3      | Noticed Natasha
  2032 | D:3      | Killed Ijyb
  2144 | D:3      | Killed Natasha
  2156 | D:3      | Noticed Natasha
  2160 | D:3      | Killed Natasha
  2195 | D:4      | Noticed Blork the orc
  2213 | D:4      | Killed Blork the orc
  2213 | D:4      | Reached skill level 8 in Axes
  2353 | D:4      | Reached XP level 7. HP: 47/61 MP: 7/7
  2466 | D:4      | Reached skill level 9 in Axes
  2472 | D:4      | Got a fine ring mail
  2928 | D:4      | HP: 14/61 [ogre/giant club (17)]
  3121 | D:4      | Reached skill level 10 in Axes
  3233 | D:5      | Entered Level 5 of the Dungeon
  3520 | D:5      | Reached XP level 8. HP: 43/68 MP: 8/8
  3938 | D:5      | Reached skill level 11 in Axes
  4105 | D:6      | Noticed Grinder
  4135 | D:6      | Paralysed by Grinder for 7 turns
  4140 | D:6      | Noticed laxity's ghost (experienced DEFE)
  4172 | D:6      | Killed laxity's ghost
  4172 | D:6      | Reached skill level 12 in Axes
  4178 | D:6      | Paralysed by Grinder for 2 turns
  4450 | D:6      | Found a staircase to the Ecumenical Temple.
  4452 | D:6      | Noticed Edmund
  4477 | D:6      | Killed Edmund
  4477 | D:6      | Gained mutation: You passively map the area around you. [Deep Dwarf growth]
  4477 | D:6      | Reached XP level 9. HP: 48/74 MP: 8/8
  4489 | Temple   | Entered the Ecumenical Temple
  4497 | Temple   | Became a worshipper of Makhleb the Destroyer
  4530 | D:6      | Found a radiant altar of Vehumet.
  4530 | D:6      | Found a snail-covered altar of Cheibriados.
  4705 | D:6      | Reached skill level 13 in Axes
  4734 | D:6      | Killed Grinder
  4881 | D:6      | Acquired Makhleb's first power
  5005 | D:7      | Found a glowing golden altar of the Shining One.
  5319 | D:7      | Reached skill level 14 in Axes
  5330 | D:7      | Identified the cursed +0 ring mail of Izeh {+Inv rF+ Dex-5} (You found it on level 4 of the Dungeon)
  5394 | D:7      | Found a deep blue altar of Sif Muna.
  5559 | D:8      | Noticed a gargoyle
  5572 | D:8      | Killed a gargoyle
  5799 | D:8      | Acquired Makhleb's second power
  6410 | D:9      | Reached skill level 15 in Axes
  6410 | D:9      | Reached XP level 10. HP: 55/81 MP: 8/8
  6515 | D:9      | Found a flagged portal.
  6550 | Bailey   | Entered a bailey
  6613 | Bailey   | Acquired Makhleb's third power
  6929 | Bailey   | Identified a scroll of acquirement
  7079 | D:9      | Acquired Makhleb's fourth power
  7210 | D:9      | Reached skill level 16 in Axes
  7441 | D:9      | Found a staircase to the Orcish Mines.
  7494 | Orc:1    | Entered Level 1 of the Orcish Mines
  7496 | Orc:1    | Noticed an orc knight
  7533 | D:10     | Entered Level 10 of the Dungeon
  7604 | D:10     | Acquired Makhleb's fifth power
  7630 | D:10     | Reached skill level 4 in Armour
  7639 | D:10     | Reached skill level 5 in Armour
  7643 | D:10     | Reached skill level 6 in Armour
  7681 | D:10     | Noticed a hill giant
  7684 | D:10     | HP: 11/81 [hill giant/giant spiked club (18)]
  7699 | D:10     | Killed a hill giant
  7699 | D:10     | Reached skill level 7 in Armour
  7755 | D:10     | Noticed Grum
  7762 | D:10     | Reached XP level 11. HP: 68/88 MP: 8/8
  7777 | D:10     | Killed Grum
  7813 | D:10     | Reached skill level 8 in Armour
  7907 | D:10     | Noticed a hill giant
  7955 | D:10     | Killed a hill giant
  8212 | D:11     | HP: 11/88 [red ugly thing (15)]
  8217 | D:11     | HP: 10/88 [red ugly thing (20)]
  8226 | D:11     | Reached skill level 9 in Armour
  8292 | D:11     | Reached skill level 1 in Dodging
  8374 | D:11     | Reached skill level 2 in Dodging
  8461 | D:11     | Found a staircase to the Lair.
  8567 | D:11     | Killed an unseen horror
  8647 | D:11     | Reached skill level 17 in Axes
  8672 | D:11     | Found Elued's Assorted Antiques.
  8675 | D:11     | Bought 2 scrolls of identify for 116 gold pieces
  8675 | D:11     | Bought a scroll of identify for 58 gold pieces
  8675 | D:11     | Bought a twisted ring mail for 261 gold pieces
  8675 | D:11     | Bought a scroll of identify for 58 gold pieces
  8733 | D:11     | Reached skill level 3 in Dodging
  8750 | D:11     | Identified the +1 ring mail of Modesty {rElec rF+ rC- Dex+5} (You bought it in a shop on level 11 of the Dungeon)
  9102 | D:11     | Reached skill level 4 in Dodging
  9109 | D:11     | HP: 20/88 [cyclops (22)]
  9112 | D:11     | Reached skill level 5 in Dodging
  9363 | D:12     | Reached skill level 6 in Dodging
  9394 | D:12     | Noticed a hill giant
  9734 | Orc:1    | Found Laonibef's Gadget Shoppe.
  9843 | Orc:1    | You fall through a shaft!
  9920 | Orc:2    | Reached skill level 7 in Dodging
  9952 | Orc:2    | Found a radiant altar of Vehumet.
 10349 | Orc:3    | Reached XP level 12. HP: 63/96 MP: 6/6
 10759 | Orc:3    | Noticed a stone giant
 10773 | Orc:3    | HP: 18/96 [stone giant/large rock (32)]
 10890 | Orc:2    | Reached skill level 8 in Dodging
 11278 | D:12     | Reached skill level 9 in Dodging
 11394 | D:12     | Found a sparkling altar of Nemelex Xobeh.
 11752 | D:13     | Reached skill level 1 in Evocations
 11776 | D:13     | Reached skill level 2 in Evocations
 11959 | D:13     | Reached skill level 3 in Evocations
 11981 | D:13     | Reached skill level 10 in Dodging
 11986 | D:13     | Reached skill level 4 in Evocations
 12000 | D:13     | Reached skill level 5 in Evocations
 12028 | D:13     | Noticed a centaur warrior
 12040 | D:13     | Killed a centaur warrior
 12040 | D:13     | Reached skill level 6 in Evocations
 12056 | D:13     | Found a gate to the Vaults.
 12252 | D:13     | Reached skill level 11 in Dodging
 12266 | D:13     | Found a stormy altar of Qazlal.
 12547 | D:14     | Reached skill level 7 in Evocations
 12609 | D:14     | Reached XP level 13. HP: 98/102 MP: 11/11
 12947 | D:14     | Reached skill level 8 in Evocations
 13164 | D:14     | Reached skill level 1 in Invocations
 13186 | D:14     | Reached skill level 2 in Invocations
 13209 | D:14     | Reached skill level 3 in Invocations
 13611 | D:14     | Reached skill level 4 in Invocations
 13624 | D:15     | Entered Level 15 of the Dungeon
 13659 | D:15     | Reached skill level 5 in Invocations
 13666 | D:15     | Noticed a ghost moth
 13716 | D:15     | Found a staircase to the Depths.
 13773 | D:15     | Reached skill level 6 in Invocations
 13828 | D:15     | Reached skill level 7 in Invocations
 13837 | D:15     | Reached skill level 12 in Dodging
 14185 | D:15     | Reached skill level 8 in Invocations
 14217 | D:15     | Noticed Urug
 14229 | D:15     | Killed Urug
 14485 | D:15     | Reached skill level 9 in Invocations
 14659 | D:15     | Reached skill level 13 in Dodging
 14689 | D:15     | Reached skill level 10 in Invocations
 15104 | Orc:1    | Killed an orc knight
 15227 | Orc:3    | Killed a stone giant
 15269 | Orc:3    | Found a roughly hewn altar of Beogh.
 15305 | Orc:3    | Noticed an orc high priest
 15318 | Orc:3    | Killed an orc high priest
 15318 | Orc:3    | Gained mutation: You resist negative energy. [Deep Dwarf growth]
 15318 | Orc:3    | Reached XP level 14. HP: 59/109 MP: 14/14
 15406 | Orc:3    | Found a staircase to the Elven Halls.
 15786 | Orc:4    | Entered Level 4 of the Orcish Mines
 15837 | Orc:4    | Found a roughly hewn altar of Beogh.
 15961 | Orc:4    | Gained mutation: Armour fits poorly on your strangely shaped body. [a neqoxec]
 16104 | Orc:4    | Found a dark tunnel.
 16108 | Volcano  | Entered a volcano
 16211 | Volcano  | Reached skill level 11 in Invocations
 16464 | Orc:4    | HP: 27/109 [blue devil[an orc high priest] (3)]
 16469 | Orc:4    | HP: 14/109 [orc high priest/long sword of electrocution (18)]
 16472 | Orc:4    | HP: 5/109 [blue devil[an orc high priest] (11)]
 16510 | Orc:4    | HP: 27/109 [orc high priest/divine providence (12)]
 16510 | Orc:4    | HP: 9/109 [sun demon[an orc high priest] (7)]
 16517 | Orc:4    | HP: 16/109 [sun demon[an orc high priest] (20)]
 16518 | Orc:4    | HP: 2/109 [chaos spawn[an orc high priest] (6)]
 16518 | Orc:4    | Slain by a chaos spawn

Action                   |  1- 3 |  4- 6 |  7- 9 | 10-12 | 13-15 || total
-------------------------+-------+-------+-------+-------+-------++-------
Melee: War axe           |   111 |   178 |   492 |    83 |       ||   864
       Battleaxe         |       |       |       |   201 |       ||   201
       Broad axe         |       |       |       |    42 |       ||    42
       Executioner's axe |       |       |       |   530 |   476 ||  1006
 Fire: Blowgun           |       |       |       |    13 |       ||    13
Invok: Lesser Servant of |       |       |       |     2 |     3 ||     5
       Greater Servant o |       |       |       |       |     3 ||     3
       Major Destruction |       |       |       |       |     2 ||     2
 Abil: Device Recharging |       |       |     2 |     5 |     2 ||     9
Evoke: Wand              |     2 |     6 |    39 |    31 |    19 ||    97
       Fan of gales      |       |       |       |     1 |     1 ||     2
       Disc of storms    |       |       |       |     1 |       ||     1
  Use: Scroll            |     3 |     3 |    11 |    17 |    11 ||    45
       Potion            |       |     1 |     1 |     5 |     1 ||     8
 Stab: Paralysed         |       |       |     3 |       |       ||     3
       Confused          |       |       |     2 |       |       ||     2
  Eat: Chunk             |     1 |     3 |    13 |    24 |    12 ||    53
       Pizza             |       |       |     1 |       |     1 ||     2

Vault maps used:
D:1:      moated_graveyard_arrival
D:2:      grunt_qazlal_clouds, first_bread
D:3:      old_standard_altar, uniq_robin, uniq_terence, uniq_sigmund,
          uniq_jessica, uniq_natasha, uniq_iyjb
D:4:      uniq_blork_the_orc
D:5:      black_bear_nest_1
D:6:      gammafunk_temple_overflow_pools, nicolae_overflow_hidden_temple,
          minmay_temple_entry_large_hall, kennysheep_generic_room_6,
          uniq_edmund, uniq_grinder
D:7:      nicolae_tso_besieged_by_evil, led_sif_book, serial_bayou,
          serial_bayou_lagoon_b, serial_bayou_crossing, serial_bayou_pond_c,
          serial_bayou_lake_a, grunt_ogre_cave, minmay_misc_feat_plants,
          lightli_minifort
D:8:      wad_woods_minihive
D:9:      orc_0_dummy, enter_bailey_3
D:10:     uniq_grum
D:11:     forest_paths, lair_0_dummy, serial_shops, nicolae_shop_behind_doors,
          grunt_ministairs_6, lemuel_statue_altar
D:12:     nemelex_diamond_rough_becter
D:13:     hangedman_vaults_entry_quadrant_bands, basic_altar,
          kennysheep_small_circle
D:14:     serial_co_window_serial, co_window_paths_a, co_window_corner_a,
          co_window_corner_a, co_window_of_opportunity_a, co_window_corner_a,
          co_window_corner_a, co_window_paths_a, co_window_of_opportunity_a,
          co_window_of_opportunity_a, co_window_broadway_c,
          co_window_broadway_b, co_window_of_opportunity_b
D:15:     hangedman_depths_entry_try_elsewhere_first,
          minmay_misc_feat_secret_circle, special_room,
          minmay_stone_trees_medium, minivault_24, minmay_unpleasant_kobolds,
          uniq_urug
Temple:   circular_temple_12
Orc:1:    serial_shops, shop, uniq_harold
Orc:2:    basic_altar
Orc:3:    nicolae_orc_pool_cavern, nicolae_orc_stony_grotto, mines1_david
Orc:4:    grunt_orc_tribal_feast, basic_altar, nicolae_volcano_entry_lava_flow
Bailey:   bailey_axe_1, bailey
Volcano:  volcano_caves

Table legend:
 A = Turns spent in this place as a percentage of turns spent in the entire game.
 B = Non-inter-level travel turns spent in this place as a percentage of non-inter-level travel turns spent in the entire game.
 C = Inter-level travel turns spent in this place as a percentage of turns spent in this place.
 D = Turns resting spent in this place as a percentage of non-inter-level travel turns spent in this place.
 E = Turns spent auto-exploring this place as a percentage of non-inter-level travel turns spent in this place.
 F = Non-inter-level travel turns spent in this place divided by the number of levels of this place that you've seen.
                   A       B       C       D       E      F
               +-------+-------+-------+-------+-------+----------------------
         Total | 100.0 | 100.0 |   0.4 |   0.3 |   7.4 | 353.6
       Dungeon |  75.7 |  75.6 |   0.5 |   0.2 |   8.0 | 392.3
        Temple |   0.2 |   0.2 |   0.0 |   0.0 |   0.0 |  16.0
  Orcish Mines |  18.0 |  18.0 |   0.4 |   0.5 |   7.4 | 350.2
        Bailey |   4.3 |   4.3 |   0.0 |   1.2 |   0.0 | 337.0
       Volcano |   1.8 |   1.8 |   0.0 |   0.0 |   0.0 | 141.0
               +-------+-------+-------+-------+-------+----------------------

Table legend:
 A = Kills in this place as a percentage of kills in entire the game.
 B = Kills by you in this place as a percentage of kills by you in the entire game.
 C = Kills by friends in this place as a percentage of kills by friends in the entire game.
 D = Other kills in this place as a percentage of other kills in the entire game.
 E = Experience gained in this place as a percentage of experience gained in the entire game.
 F = Experience gained in this place divided by the number of levels of this place that you have seen.
                   A       B       C       D       E      F
               +-------+-------+-------+-------+-------+----------------------
         Total | 100.0 | 100.0 | 100.0 | 100.0 | 100.0 | 3309.6
       Dungeon |  69.9 |  70.3 |  46.2 |  75.0 |  80.6 | 3913.1
  Orcish Mines |  25.0 |  24.5 |  53.8 |  25.0 |  15.2 | 2768.5
        Bailey |   4.3 |   4.4 |   0.0 |   0.0 |   0.8 | 595.0
       Volcano |   0.8 |   0.8 |   0.0 |   0.0 |   3.4 | 2445.0
               +-------+-------+-------+-------+-------+----------------------
